 Dungeon Crawl Stone Soup version 0.28.0 (webtiles) character file.

Game seed: 7278481675344264862

10782 oldriver the Fighter (level 11, -1/104 HPs)
             Began as a Palentonga Warper on Feb 4, 2022.
             Was an Elder of Okawaru.
             Succumbed to a cane toad's poison
             ... on level 1 of the Lair of Beasts.
             The game lasted 00:38:36 (20309 turns).

oldriver the Fighter (Palentonga Warper)           Turns: 20309, Time: 00:38:37

Health: -1/104     AC: 10    Str: 19    XL:     11   Next: 40%
Magic:  4/14       EV: 13    Int: 13    God:    Okawaru [****..]
Gold:   573        SH:  0    Dex: 16    Spells: 12/14 levels left

rFire   + . .      SeeInvis +   i - +3 short sword (venom)
rCold   + . .      Faith    .   (no shield)
rNeg    . . .      Spirit   +   F - +2 leather armour {rC+}
rPois   .          Reflect  .   (no helmet)
rElec   .          Harm     .   A - +0 cloak
rCorr   .          Rampage  .   t - +0 pair of gloves
Will    .....                   (no barding)
Stlth   +++.......              e - amulet of guardian spirit
HPRegen 0.27/turn               f - ring of protection from fire
MPRegen 0.14/turn               c - +6 ring of dexterity

@: mighty, lethally poisoned (-1 -> -28), heroic
A: large, rugged brown scales 3, see invisible, deformed body, roll 1, armoured
tail, reflexive curl
a: Rolling Charge, Renounce Religion, Heroism, Finesse


You were on level 1 of the Lair of Beasts.
You worshipped Okawaru.
Okawaru was greatly pleased with you.
You visited 3 branches of the dungeon, and saw 13 of its levels.

You collected 663 gold pieces.
You spent 90 gold pieces at shops.

Inventory:

Hand Weapons
 i - a +3 short sword of venom (weapon)
 z - a +0 double sword
Missiles
 h - 234 stones (quivered)
 p - 5 boomerangs
 s - 13 poisoned darts
 x - a curare-tipped dart
 B - 5 javelins
Armour
 g - a +1 ring mail of fire resistance
 t - a +0 pair of gloves (worn)
 A - a +0 cloak (worn)
 F - a +2 leather armour of cold resistance (worn)
Jewellery
 c - a +6 ring of dexterity (right hand)
 e - an amulet of guardian spirit (around neck)
 f - a ring of protection from fire (left hand)
 j - a ring of ice
 n - a ring of ice
Wands
 b - a wand of mindburst (1)
 m - a wand of flame (11)
 E - a wand of iceblast (7)
Scrolls
 a - a scroll of teleportation
 k - a scroll of amnesia
 o - a scroll of identify
 q - 2 scrolls of fog
 r - 3 scrolls of enchant armour
 u - 2 scrolls of vulnerability
 w - 2 scrolls of blinking
 y - a scroll of silence
 G - 2 scrolls of immolation
 I - a scroll of fear
 J - a scroll of magic mapping
Potions
 d - a potion of degeneration
 l - a potion of magic
 v - a potion of mutation
 C - 2 potions of invisibility
 H - 2 potions of haste


   Skills:
 + Level 13.2(18.2) Fighting
 - Level 8.1(14.2) Short Blades
 + Level 6.7(13.5) Long Blades
 - Level 3.0(8.0) Throwing
 - Level 3.0(8.0) Armour
 - Level 3.0(8.0) Dodging
 + Level 2.1(7.1) Stealth
 - Level 2.0 Spellcasting
 - Level 3.0 Translocations
 + Level 0.4 Evocations


You had 12 spell levels left.
You knew the following spells:

 Your Spells              Type           Power      Damage    Failure   Level
a - Blink                 Tloc           18%        N/A       13%         2

Your spell library contained the following spells:

 Spells                   Type           Power      Damage    Failure   Level
 Gell's Gravitas          Tloc           9%         N/A       26%         3
 Lesser Beckoning         Tloc           9%         N/A       26%         3
 Teleport Other           Tloc           9%         N/A       26%         3
 Slow                     Hex            4%         N/A       28%         1
 Ensorcelled Hibernation  Hex/Ice        2%         N/A       41%         2
 Static Discharge         Conj/Air       1%         N/A       41%         2
 Confusing Touch          Hex            1%         N/A       65%         3
 Spider Form              Tmut/Pois      1%         N/A       65%         3
 Vampiric Draining        Necr           1%         2d6       65%         3
 Manifold Assault         Tloc           9%         N/A       93%         5
 Anguish                  Hex/Necr       0%         N/A       96%         4
 Dispel Undead            Necr           1%         3d6       96%         4
 Sticky Flame             Conj/Fire      1%         2d3       96%         4
 Summon Small Mammal      Summ           Unusable   N/A       N/A         1
 Call Canine Familiar     Summ           Unusable   N/A       N/A         3
 Summon Guardian Golem    Hex/Summ       Unusable   N/A       N/A         3

Dungeon Overview and Level Annotations

Branches:
Dungeon (11/15)            Temple (1/1) D:5            Lair (1/6) D:10
    Orc (0/2) D:9

Altars:
Ashenzari
Cheibriados
Dithmenos
Elyvilon
Fedhas
Gozag
Hepliaklqana
Kikubaaqudgha
Makhleb
Nemelex Xobeh
Okawaru
Qazlal
Ru
Sif Muna
Trog
Uskayaw
Vehumet
Wu Jian
Xom
Yredelemnul
Zin
The Shining One
Beogh

Shops:
D:2 (   D:4 ?

Annotations:
D:7 exclusion: ice statue
D:8 exclusions: obsidian statue and orange crystal statue
D:10 2 transporters


Innate Abilities, Weirdness & Mutations

You are completely covered in rugged brown scales. (AC +3, +7% HP)
You have supernaturally acute eyesight. (SInv)
Armour fits poorly on your strangely shaped body.
You can roll at nearby foes to attack.
You have a long armoured tail.
You curl defensively after being hit. (AC +7*)


Message History

You feel very sick. The cane toad stings you!
You are more poisoned.
The cane toad poisons you! The cane toad closely misses you.
The cane toad stings you but does no damage.
You hit the cane toad but do no damage. You punch the cane toad!
The cane toad is almost dead.
You feel very sick.
You puncture the cane toad!
The cane toad is moderately wounded.
You feel very sick. The cane toad barely misses you. The cane toad stings you.
You hit the cane toad.
You kill the cane toad!
Okawaru is honoured by your kill.
You feel sick. The cane toad stings you!
* * * LOW HITPOINT WARNING * * *
You are lethally poisoned!
The cane toad poisons you!
You hit the cane toad but do no damage.
The cane toad is poisoned.
You tail-slap the cane toad!
The cane toad is heavily wounded.
* * * LOW HITPOINT WARNING * * *
You feel very sick.
You feel very mighty all of a sudden.
* * * LOW HITPOINT WARNING * * *
You feel extremely sick. The cane toad completely misses you.
Unknown command.
Okay, then.
Okay, then.
You barely miss the cane toad.
The cane toad is severely wounded.
* * * LOW HITPOINT WARNING * * *
You feel very sick.
The cane toad stings you but does no damage.
Unknown command.
You hit the cane toad.
The cane toad is severely wounded.
You die...

##..............##
#......###.###..#
##....#..... #..#
#....#..... #..##
#....#......#...#
#....P......#..##
#..............# ##
#†F..#......#..#
+.###@...#......#..#
...........########..#
>....................#
.....................#
.....................#
...............P.....#
#####......P####P##..#
#.......# ## #..##
#......##....##...#


You could see a cane toad (very poisoned).

Vanquished Creatures
  2 two-headed ogres
  A manticore (D:7)
  A cyclops (D:6)
  2 cane toads (Lair:1)
  2 trolls
  A hornet (D:10)
  A shadow (D:7)
  A wraith (D:9)
  A vampire (D:9)
  16 yaks
  Eustachio (D:5)
  Menkaure (D:5)
  Edmund (D:5)
  2 water moccasins
  3 black bears
  6 orc warriors (D:9)
  2 ice beasts (D:6)
  A sky beast (D:6)
  An ogre (D:6)
  A wolf (D:10)
  2 centaurs
  2 kobold brigands (D:8)
  2 wyvern zombies
  3 bullfrogs
  2 scorpions
  10 wights
  3 electric eels (D:10)
  2 howler monkeys
  3 centaur zombies
  6 orc priests
  9 hounds
  2 centaur skeletons (D:7)
  2 gnoll shamans
  2 iguanas (D:4)
  Jessica (D:2)
  9 orc wizards
  A howler monkey skeleton (D:7)
  5 adders
  3 ufetubi
  2 adder skeletons (D:5)
  A worm (D:4)
  2 dart slugs
  38 orcs
  10 ball pythons
  7 bats
  6 endoplasms
  6 giant cockroaches
  4 goblins
  12 hobgoblins
  3 jackals (D:3)
  19 kobolds
  4 quokkas
  2 frilled lizards
  5 rats
237 creatures vanquished.

Notes
Turn   | Place    | Note
-------+----------+-------------------------------------------
     0 | D:1      | oldriver the Palentonga Warper began the quest for the Orb.
     0 | D:1      | Reached XP level 1. HP: 17/17 MP: 3/3
   134 | D:1      | Reached skill level 1 in Armour
   401 | D:1      | Reached XP level 2. HP: 19/23 MP: 5/5
  1098 | D:1      | Learned a level 2 spell: Blink
  1220 | D:2      | Reached XP level 3. HP: 16/28 MP: 4/6
  1703 | D:2      | Found a shimmering blue altar of Sif Muna.
  2081 | D:2      | Found Itunn's Weapon Shop.
  2275 | D:2      | Noticed Jessica
  2283 | D:2      | Killed Jessica
  2284 | D:2      | Reached skill level 1 in Throwing
  2284 | D:2      | Reached XP level 4. HP: 31/36 MP: 4/7
  2902 | D:3      | Found a faded altar of an unknown god.
  2957 | D:3      | Reached skill level 3 in Fighting
  3448 | D:3      | Identified the +5 dagger of Enoe {distort, rC+ Int+2}
  3529 | D:3      | Reached XP level 5. HP: 42/43 MP: 8/8
  4471 | D:4      | Noticed a black bear
  4785 | D:4      | Noticed a black bear
  5060 | D:5      | Entered Level 5 of the Dungeon
  5072 | D:5      | Reached XP level 6. HP: 45/51 MP: 5/9
  5090 | D:5      | Reached skill level 4 in Fighting
  5116 | D:5      | Noticed Eustachio
  5290 | D:4      | Found Kiesan Weil's Magic Scroll Shoppe.
  5313 | D:4      | Bought a scroll of enchant armour for 90 gold pieces
  5408 | D:5      | Noticed Menkaure
  5413 | D:5      | Killed Eustachio
  5414 | D:5      | Reached skill level 5 in Fighting
  5414 | D:5      | Reached skill level 5 in Long Blades
  5414 | D:5      | Gained mutation: You curl defensively after being hit. (AC
                  | +7*) [Palentonga growth]
  5414 | D:5      | Reached XP level 7. HP: 38/59 MP: 4/10
  6365 | D:5      | Killed Menkaure
  6366 | D:5      | Reached skill level 1 in Short Blades
  6795 | D:5      | Found a snail-covered altar of Cheibriados.
  6820 | D:5      | Found a staircase to the Ecumenical Temple.
  7474 | Temple   | Entered the Ecumenical Temple
  7626 | Temple   | Became a worshipper of Warmaster Okawaru
  7715 | D:6      | Noticed Edmund
  7737 | D:5      | Killed Edmund
  7738 | D:5      | Reached skill level 6 in Fighting
  7738 | D:5      | Reached XP level 8. HP: 43/68 MP: 6/11
  8658 | D:6      | Noticed a cyclops
  9130 | D:6      | Noticed a two-headed ogre
  9145 | D:6      | Killed a two-headed ogre
  9145 | D:6      | Reached * piety under Okawaru
  9146 | D:6      | Reached skill level 8 in Fighting
  9146 | D:6      | Reached XP level 9. HP: 62/80 MP: 9/12
 10134 | D:7      | Noticed an ice statue
 10146 | D:7      | Found an ancient bone altar of Kikubaaqudgha.
 10163 | D:7      | Reached skill level 9 in Fighting
 10280 | D:7      | Noticed a manticore
 10289 | D:7      | HP: 6/121 [manticore (11)]
 10299 | D:7      | HP: 3/121 [manticore (8)]
 10300 | D:7      | Killed a manticore
 10300 | D:7      | Reached ** piety under Okawaru
 10311 | D:7      | HP: 3/124 [bullfrog (1)]
 10312 | D:7      | HP: 1/124 [bullfrog (2)]
 10394 | D:6      | Reached skill level 10 in Fighting
 10706 | D:6      | Killed a cyclops
 10707 | D:6      | Reached skill level 5 in Short Blades
 10707 | D:6      | Reached skill level 1 in Stealth
 11276 | D:7      | Found a stormy altar of Qazlal.
 11629 | D:7      | Found a shadowy altar of Dithmenos.
 12267 | D:8      | Found a burning altar of Makhleb.
 12287 | D:8      | Noticed a balrug
 12296 | D:8      | Noticed a two-headed ogre
 12716 | D:8      | Reached XP level 10. HP: 92/92 MP: 13/13
 12796 | D:8      | Noticed an orange crystal statue
 12818 | D:8      | Killed a two-headed ogre
 12818 | D:8      | Reached *** piety under Okawaru
 13309 | D:8      | Noticed an obsidian statue
 14070 | D:8      | Reached skill level 11 in Fighting
 14834 | D:9      | Reached **** piety under Okawaru
 15401 | D:9      | Found a hide-covered altar of Uskayaw.
 16052 | D:9      | Reached skill level 12 in Fighting
 16956 | D:9      | Found a staircase to the Orcish Mines.
 17189 | D:10     | Entered Level 10 of the Dungeon
 17326 | D:10     | Reached XP level 11. HP: 90/98 MP: 12/14
 17624 | D:10     | Found a transporter.
 17626 | D:10     | Noticed a green ugly thing
 17626 | D:10     | Noticed a thrashing horror
 17629 | D:10     | Noticed a white ugly thing
 17631 | D:10     | Noticed a red ugly thing
 18728 | D:10     | Found a staircase to the Lair.
 18890 | D:10     | Found a transporter.
 18892 | D:10     | Noticed a lindwurm
 19030 | D:10     | Noticed a spark wasp
 19030 | D:10     | Noticed a satyr
 19030 | D:10     | a spark wasp changed into a satyr
 19032 | D:10     | Noticed a swamp dragon
 19088 | D:10     | Received a gift from Okawaru
 19105 | D:10     | Reached skill level 13 in Fighting
 19833 | Lair:1   | Entered Level 1 of the Lair of Beasts
 20307 | Lair:1   | HP: 5/104 [poisoned by a cane toad]
 20308 | Lair:1   | HP: 1/104 [poisoned by a cane toad]
 20309 | Lair:1   | Succumbed to a cane toad's poison

Illustrated notes

Levels and vault maps discovered:
D:1:      ebering_trefoil_twist, layout_loops_ring
D:2:      layout_basic, serial_shops, nicolae_shop_bloodbath_and_beyond,
          basic_altar, minmay_pentomino_t2, uniq_jessica
D:3:      minmay_general_purpose_star, layout_basic,
          chequers_ecumenical_altar_simple_redux
D:4:      layout_rooms, kennysheep_small_square
D:5:      layout_cave_pods, general_overflow_altar,
          minmay_temple_entry_junction, gup_sewer_entry_glass,
          kennysheep_generic_room_14, uniq_eustachio, uniq_menkaure
D:6:      layout_layer_cave, fountainhead, hangedman_decor_diamond_cutter,
          uniq_edmund
D:7:      lemuel_ice_statue, layout_rooms, lemuel_tele_altar,
          mainiacjoe_overflow_catwalk, nicolae_dithmenos_shadow_blocks,
          grunt_ministairs_15
D:8:      minmay_separated_statues, layout_basic, makhleb_altar_promises_db
D:9:      layout_roguey, lemuel_doored_altar, david_orc_5, eino_curves_04,
          nicolae_figureground_pulse
D:10:     gammafunk_corrupted_shrine, layout_stronghold, erik_lair_island
D:11:     layout_roguey, serial_shops, nicolae_shop_overgrown_old_shop, shop,
          uniq_fannar
Temple:   nicolae_temple_elliptical
Lair:1:   layout_regular_city, portal_ice_cave_demonic_guard, minivault_11,
          beast_lair_carwin_9

Skill      XL: |  1  2  3  4  5  6  7  8  9 10 11 |
---------------+----------------------------------+-----
Armour         | 1 2 3 |  3.0
Dodging        | 2 3 |  3.0
Long Blades    | 3 4 5 6 |  6.7
Throwing       | 1 2 3 |  3.0
Fighting       | 3 5 6 8 10 12 13 | 13.2
Short Blades   | 1 3 5 8 |  8.1
Stealth        | 1 2 |  2.1
Spellcasting   | |  2.0
Translocations | |  3.0
Evocations     | |  0.4

Action                   |  1- 3 |  4- 6 |  7- 9 | 10-12 || total
-------------------------+-------+-------+-------+-------++-------
Melee: Falchion          |   112 |   182 |    59 |       ||   353
       Tailslap          |    15 |    23 |    44 |    96 ||   178
       Punch             |       |     3 |     3 |    11 ||    17
       Short sword       |       |       |   244 |   424 ||   668
Throw: Dart              |     5 |    10 |    17 |     3 ||    35
       Stone             |    13 |   115 |    50 |    94 ||   272
       Boomerang         |       |     5 |     3 |       ||     8
Invok: Heroism           |       |       |     1 |     2 ||     3
 Abil: Rolling Charge    |     4 |     6 |    13 |    30 ||    53
Evoke: Wand              |       |       |    14 |     6 ||    20
  Use: Scroll            |       |     8 |     2 |    11 ||    21
       Potion            |       |     1 |     5 |     3 ||     9
Armor: Leather armour    |    45 |    94 |    42 |     5 ||   186
       Skin              |       |       |    38 |       ||    38
       Ring mail         |       |       |    56 |    90 ||   146
Dodge: Dodged            |    49 |   116 |   141 |   152 ||   458
